 Dungeon Crawl Stone Soup version 0.20.1-1-g8b1a95d (webtiles) character file.

2278 Golfball the Fighter (level 9, -2/60 HPs)
             Began as a Gargoyle Berserker on Aug 3, 2017.
             Was a Priest of Trog.
             Slain by a manticore (15 damage)
             ... on level 8 of the Dungeon.
             The game lasted 00:27:11 (7334 turns).

Golfball the Fighter (Gargoyle Berserker)           Turns: 7334, Time: 00:27:11

Health: -2/60      AC: 14    Str: 21    XL:     9   Next: 39%
Magic:  13/13      EV: 11    Int: 12    God:    Trog [***...]
Gold:   205        SH:  0    Dex: 17    Spells: 8/8 levels left

rFire    . . .     SeeInvis .   o - +2 mace (flame)
rCold    . . .     Gourm    .   (no shield)
rNeg     + + .     Faith    .   z - +1 ring mail of Vowyilej {rN+ Int+3}
rPois    ∞         Spirit   .   (no helmet)
rElec    +         Reflect  .   (no cloak)
rCorr    .         Harm     .   v - +0 pair of gloves
MR       ++...                  (no boots)
Stlth    +.........             (no amulet)
Regen    1.2/turn               w - +6 ring of dexterity
MPRegen  0.2/turn               y - +1 ring of protection

@: barbed spikes, regenerating
A: negative energy resistance 1, electricity resistance, unbreathing,
petrification resistance, rot immunity, AC +5
a: Berserk, Trog's Hand, Burn Spellbooks, Renounce Religion


You were on level 8 of the Dungeon.
You worshipped Trog.
Trog was most pleased with you.
You were not hungry.

You visited 1 branch of the dungeon, and saw 8 of its levels.

You collected 452 gold pieces.
You spent 247 gold pieces at shops.

Inventory:

Hand Weapons
 o - a +2 mace of flaming (weapon)
Missiles
 a - 15 poisoned needles
 s - 3 needles of sleeping
 t - 10 tomahawks (quivered)
Armour
 l - a +1 chain mail
 u - the +2 robe "Qitoceok" {rC+ rN++}
   (You found it on level 5 of the Dungeon)

   It protects you from cold.
   It greatly protects you from negative energy.
 v - a +0 pair of gloves (worn)
 z - the +1 ring mail of Vowyilej (worn) {rN+ Int+3}
   (You bought it in a shop on level 6 of the Dungeon)

   It affects your intelligence (+3).
   It protects you from negative energy.
Jewellery
 d - an uncursed ring of protection from cold
 w - a +6 ring of dexterity (left hand)
 x - an uncursed ring of ice
 y - a +1 ring of protection (right hand)
 C - an uncursed ring of fire
Wands
 m - a wand of flame (12/48)
 n - a wand of polymorph (24/24)
 A - a wand of flame (7/48)
Scrolls
 e - 7 scrolls of teleportation
 r - 2 scrolls of recharging
 D - a scroll of remove curse
Potions
 f - a potion of might
 g - a potion of mutation {unknown}
 h - 2 potions of agility
 i - 3 potions of berserk rage
 j - 4 potions of curing
 k - 2 potions of flight
 p - a potion of brilliance {unknown}
Comestibles
 b - 4 royal jellies
 c - 4 bread rations
 q - 7 fruits
 B - a chunk of flesh


   Skills:
 + Level 8.4 Fighting
 + Level 8.1 Maces & Flails
 - Level 2.1 Armour
 - Level 1.5 Dodging
 + Level 5.8 Evocations


You had 8 spell levels left.
You didn't know any spells.

Dungeon Overview and Level Annotations

Branches:
Dungeon (8/15)             Temple (0/1) D:4
   Lair: D:8-11

Altars:
Dithmenos
Fedhas
Makhleb
Nemelex Xobeh
Uskayaw
Vehumet
Xom

Shops:
D:6 *   D:7 !


Innate Abilities, Weirdness & Mutations

You are resistant to torment.
Your stone body is resilient. (AC +5)
You are immune to poison.
You resist negative energy. (rN+)
You are resistant to electric shocks. (rElec)
You can survive without breathing.
You are immune to petrification.
You are immune to rotting.


Message History

The tomahawk hits the manticore but does no damage.
The manticore is moderately wounded.
You hit the manticore. You burn the manticore.
The manticore is moderately wounded.
The manticore barely misses you. The manticore claws you!
The manticore claws you but does no damage.
You hit the manticore. You burn the manticore.
The manticore is moderately wounded.
The manticore bites you but does no damage.
The manticore claws you!
* * * LOW HITPOINT WARNING * * *
The manticore claws you but does no damage.
You hit the manticore. You burn the manticore.
The manticore is moderately wounded.
The manticore bites you but does no damage.
The manticore closely misses you. The manticore barely misses you.
Your skin crawls.
You feel resistant to hostile enchantments.
You feel somewhat more hungry. The manticore bites you!
You die...

#..
#.#
#(#
#.#
#(#
#(#
#H#
#@#
#.#
#)#
#.#
#.#
#.####
#.#
#.....
#.#
######
#.#
....
#.#
....


You could see a manticore.

Vanquished Creatures
  Menkaure (D:4)
  Duvessa (D:7)
  A sky beast (D:3)
  A phantom (D:8)
  An ice beast (D:7)
  A centaur (D:5)
  A bullfrog (D:8)
  Dowan (D:7)
  2 scorpions
  6 killer bees (D:7)
  3 howler monkeys
  4 electric eels
  2 crimson imps
  A centaur zombie (D:5)
  4 hounds
  3 jellies
  An orc priest (D:6)
  2 bullfrog skeletons
  2 orc wizards
  Ijyb (D:3)
  Terence (D:3)
  An iguana (D:5)
  4 worker ants
  A hound zombie (D:5)
  A worker ant zombie (D:8)
  14 gnolls
  A howler monkey skeleton (D:8)
  6 adders
  An ooze (D:2)
  2 adder skeletons
  2 dart slugs (D:2)
  2 leopard geckos
  12 orcs
  2 ball pythons
  4 giant cockroaches
  7 hobgoblins
  6 jackals
  8 kobolds
  2 quokkas
  9 bats
  2 frilled lizards (D:2)
  11 goblins
  A jackal skeleton (D:7)
  A leopard gecko skeleton (D:6)
  A quokka zombie (D:7)
  6 rats
147 creatures vanquished.

Notes
Turn   | Place    | Note
-------+----------+-------------------------------------------
     0 | D:1      | Golfball the Gargoyle Berserker began the quest for the Orb.
     0 | D:1      | Reached XP level 1. HP: 14/14 MP: 1/1
   274 | D:1      | Reached XP level 2. HP: 11/19 MP: 2/2
  1008 | D:2      | Reached XP level 3. HP: 21/24 MP: 3/3
  1237 | D:2      | Reached ** piety under Trog
  1410 | D:2      | Reached XP level 4. HP: 24/29 MP: 4/4
  1549 | D:3      | Noticed a sky beast
  1570 | D:3      | Noticed Terence
  1574 | D:3      | Killed Terence
  1612 | D:3      | Noticed Ijyb
  1640 | D:3      | Killed Ijyb
  1640 | D:3      | Reached XP level 5. HP: 11/34 MP: 5/5
  2309 | D:3      | Killed a sky beast
  2309 | D:3      | Reached skill level 5 in Fighting
  2309 | D:3      | Reached skill level 5 in Maces & Flails
  2309 | D:3      | Reached skill level 1 in Evocations
  2309 | D:3      | Reached XP level 6. HP: 40/40 MP: 5/7
  2435 | D:3      | Found a burning altar of Makhleb.
  2957 | D:4      | Found a shadowy altar of Dithmenos.
  2978 | D:4      | Found a radiant altar of Vehumet.
  2979 | D:4      | Found a shimmering altar of Xom.
  2980 | D:4      | Found a blossoming altar of Fedhas.
  2982 | D:4      | Found a sparkling altar of Nemelex Xobeh.
  2984 | D:4      | Found a hide-covered altar of Uskayaw.
  3132 | D:4      | Found a staircase to the Ecumenical Temple.
  3243 | D:4      | Noticed Menkaure
  3254 | D:4      | Killed Menkaure
  3254 | D:4      | Reached XP level 7. HP: 35/45 MP: 8/8
  3371 | D:5      | Entered Level 5 of the Dungeon
  3375 | D:5      | Identified the Almanac of Earthen Summoning
  3996 | D:5      | Got a twisted robe
  4593 | D:6      | Identified the +2 robe "Qitoceok" {rC+ rN++} (You found it on level 5 of the Dungeon)
  4661 | D:6      | Reached XP level 8. HP: 45/52 MP: 10/10
  4925 | D:6      | Reached *** piety under Trog
  5082 | D:6      | Found Ryfaf's Assorted Antiques.
  5085 | D:6      | Bought a scroll labeled NUOSOI QOTUYCS for 19 gold pieces
  5085 | D:6      | Bought a fine ring mail for 171 gold pieces
  5085 | D:6      | Bought a scroll labeled UVIAPY ISM for 19 gold pieces
  5085 | D:6      | Bought a scroll of identify for 38 gold pieces
  5095 | D:6      | Identified the cursed +1 ring mail of Vowyilej {rN+ Int+3} (You bought it in a shop on level 6 of the Dungeon)
  5423 | D:7      | Found Akkuxewygi's Distillery.
  6123 | D:7      | Noticed Duvessa
  6126 | D:7      | Noticed Dowan
  6135 | D:7      | Killed Duvessa
  6135 | D:7      | Reached skill level 5 in Evocations
  6138 | D:7      | Killed Dowan
  6138 | D:7      | Reached XP level 9. HP: 59/59 MP: 12/12
  7324 | D:8      | Noticed a manticore
  7334 | D:8      | Slain by a manticore

Skill      XL: |  1  2  3  4  5  6  7  8  9 |
---------------+----------------------------+-----
Fighting       | 4 5 6 7 8 |  8.4
Maces & Flails | 4 5 6 7 8 |  8.1
Evocations     | 1 2 3 5 |  5.8
Armour         | |  2.1
Dodging        | |  1.5

Action                   |  1- 3 |  4- 6 |  7- 9 || total
-------------------------+-------+-------+-------++-------
Melee: Mace              |   136 |   174 |   303 ||   613
Throw: Tomahawk          |       |       |     5 ||     5
Invok: Berserk           |       |     4 |     2 ||     6
       Trog's Hand       |       |     3 |     2 ||     5
       Burn Spellbooks   |       |       |     1 ||     1
  Use: Scroll            |     4 |     4 |     9 ||    17
  Eat: Chunk             |     2 |     9 |    12 ||    23
       Meat ration       |       |       |     1 ||     1
Armor: Animal skin       |     4 |       |       ||     4
       Scale mail        |    80 |     8 |       ||    88
       Chain mail        |       |   129 |    77 ||   206
       Ring mail         |       |       |    81 ||    81
Dodge: Dodged            |    97 |    85 |   153 ||   335
